 Dungeon Crawl Stone Soup version 0.27.0-1-g7a089689b8 (console) character file.

Game seed: 10309868307754851616

175 jejorda2 the Twirler (level 5, -1/31 HPs)
             Began as a Deep Elf Wanderer on July 31, 2021.
             Was a Follower of Okawaru.
             Succumbed to a gnoll's poison
             ... on level 3 of the Dungeon.
             The game lasted 00:10:44 (4082 turns).

jejorda2 the Twirler (Deep Elf Wanderer)            Turns: 4082, Time: 00:10:44

Health: -1/31      AC:  4    Str: 10    XL:     5   Next: 29%
Magic:  2/9        EV: 15    Int: 16    God:    Okawaru [*.....]
Gold:   84         SH:  0    Dex: 15    Spells: 3/7 levels left

rFire    . . .     SeeInvis .   a - +0 quarterstaff
rCold    . . .     Faith    .   (shield currently unavailable)
rNeg     . . .     Spirit   .   c - +0 robe
rPois    .         Reflect  .   (no helmet)
rElec    .         Harm     .   (no cloak)
rCorr    .         Rampage  .   g - +1 pair of gloves
Will     .....                  (no boots)
Stlth    ++++......             (no amulet)
HPRegen  0.10/turn              (no ring)
MPRegen  0.11/turn              (no ring)

@: lethally poisoned (-1 -> -27), heroic, very slightly contaminated
A: no striking features
a: Renounce Religion, Heroism


You were on level 3 of the Dungeon.
You worshipped Okawaru.
Okawaru was aware of your devotion.
You visited 1 branch of the dungeon, and saw 3 of its levels.

You collected 84 gold pieces.

Inventory:

Hand Weapons
 a - a +0 quarterstaff (weapon)
 b - a +0 dagger
Missiles
 r - 2 poisoned darts (quivered)
Armour
 c - a +0 robe (worn)
 g - a +1 pair of gloves (worn)
Jewellery
 l - a ring of ice
Scrolls
 h - a scroll of fear {unknown}
 i - 3 scrolls of identify {unknown}
 n - a scroll of holy word {unknown}
 o - 2 scrolls of teleportation {unknown}
 p - a scroll of amnesia {unknown}
 q - a scroll of enchant armour {unknown}
Potions
 d - 2 potions of lignification
 e - 3 potions of curing
 f - a potion of resistance {unknown}
 j - a potion of mutation {unknown}
 k - a potion of flight {unknown}
 m - a potion of might {unknown}


   Skills:
 - Level 2.3(7.3) Fighting
 - Level 3.1(8.1) Staves
 - Level 1.0(6.0) Throwing
 - Level 1.2(6.2) Dodging
 - Level 2.4(7.4) Stealth
 - Level 1.5 Spellcasting
 + Level 1.2 Conjurations
 - Level 1.0 Transmutations
 + Level 1.1 Air Magic
 - Level 1.1 Earth Magic
 + Level 1.8 Poison Magic
 + Level 2.1 Invocations


You had 3 spell levels left.
You knew the following spells:

 Your Spells              Type           Power      Damage    Failure   Level
a - Sting                 Tmut/Pois      20%        1d4       12%         1
b - Mephitic Cloud        Conj/Pois/Air  5%         N/A       36%         3

Your spell library contained the following spells:

 Spells                   Type           Power      Damage    Failure   Level
 Poisonous Vapours        Pois/Air       12%        N/A       19%         2
 Olgreb's Toxic Radiance  Pois           7%         N/A       71%         4


Dungeon Overview and Level Annotations

Branches:
Dungeon (3/15)

Altars:
Okawaru
Sif Muna


Message History

Throw: 4 darts (poison)
Press: ? - help, Q - select action, (/) - cycle Shift-Dir - straight line, f/p - gnoll
Aim: a gnoll, wielding a +0 spear (almost dead, extremely poisoned, 69% to hit)
You throw a poisoned dart. The poisoned dart hits the gnoll!
The gnoll looks as sick as possible!
The gnoll is almost dead.
You kill the gnoll!
Okawaru accepts your kill.
Throw: 3 darts (poison)
Press: ? - help, Q - select action, (/) - cycle Shift-Dir - straight line, f - gnoll
Aim: a gnoll, wielding a +2 spear of venom (69% to hit)
You throw a poisoned dart. The poisoned dart hits the gnoll.
The gnoll is poisoned.
Casting: Sting (safe; 12% risk of failure)
Confirm with . or Enter, or press ? or * to list all spells.
Aiming: Sting (safe; 12% risk of failure)
Press: ? - help, Shift-Dir - straight line, f/p - gnoll
Aim: a gnoll, wielding a +2 spear of venom (poisoned, 72% to hit)
The sting hits the gnoll.
The gnoll looks even sicker.
The gnoll is lightly wounded.
The gnoll hits you from afar with a +2 spear of venom.
You are poisoned.
Casting: Sting (safe; 12% risk of failure)
Confirm with . or Enter, or press ? or * to list all spells.
Okay, then.
Unknown command.
Unknown command.
Unknown command.
You feel very sick.
The gnoll hits you with a +2 spear of venom.
You are lethally poisoned!
You hit the gnoll.
The gnoll is heavily wounded.
You feel very sick.
The gnoll hits you with a +2 spear of venom!
* * * LOW HITPOINT WARNING * * *
You are more poisoned.
You barely miss the gnoll.
The gnoll is heavily wounded.
You die...

#..........###.#.......
#..........# #.#.......
#.......#### #.#....###
#####.......### #.#....##.
#...'.........# #.#.#'###.
#####.......#.## #.#.#.....
#########..# #.#.'.....
.###################.###.###.....
..............(g@..S........<....
######......#########.##.#####(..
.....'......'............†.......
######......#########.##.#####...
#......# #.##.# #... #......#
#..#.# #... #......# ##.#.# #...
........# #...# #... .........#
##..# ####


You could see a gnoll (very poisoned) and an adder.

Vanquished Creatures
  A hound (D:2)
  Natasha (twice) (D:3)
  A gnoll (D:3)
  4 adders
  A dart slug (D:1)
  3 ball pythons
  6 endoplasms
  3 giant cockroaches
  2 goblins (D:1)
  5 hobgoblins
  4 jackals
  10 kobolds
  2 bats
  4 frilled lizards
  5 rats
53 creatures vanquished.

Vanquished Creatures (others)
  12 plants (D:3)
12 creatures vanquished.

Grand Total: 65 creatures vanquished

Notes
Turn   | Place    | Note
-------+----------+-------------------------------------------
     0 | D:1      | jejorda2 the Deep Elf Wanderer began the quest for the Orb.
     0 | D:1      | jejorda2 set off with the following items: a +0
                  | quarterstaff, a potion of lignification, a +0 robe, a +0
                  | dagger; and the following spell memorised: Sting; and the
                  | following spells available to memorise: Poisonous Vapours,
                  | Mephitic Cloud, Olgreb's Toxic Radiance
     0 | D:1      | Reached XP level 1. HP: 12/12 MP: 5/5
    82 | D:1      | Reached XP level 2. HP: 9/17 MP: 4/6
   787 | D:1      | Reached skill level 1 in Transmutations
   792 | D:1      | Reached skill level 2 in Staves
   980 | D:1      | Found a faded altar of an unknown god.
   988 | D:1      | Became a worshipper of Warmaster Okawaru
   988 | D:1      | Reached * piety under Okawaru
  1266 | D:2      | Reached XP level 3. HP: 13/21 MP: 4/7
  1651 | D:2      | Found a shimmering blue altar of Sif Muna.
  1663 | D:2      | Reached skill level 1 in Invocations
  2019 | D:2      | Reached skill level 3 in Staves
  2019 | D:2      | Reached XP level 4. HP: 22/26 MP: 5/8
  2261 | D:2      | Learned a level 3 spell: Mephitic Cloud
  3032 | D:3      | Noticed Natasha
  3055 | D:3      | Killed Natasha
  3658 | D:3      | Reached XP level 5. HP: 11/31 MP: 3/9
  3969 | D:3      | Noticed Natasha
  3980 | D:3      | Killed Natasha
  3981 | D:3      | Reached skill level 1 in Conjurations
  3981 | D:3      | Reached skill level 1 in Air Magic
  4082 | D:3      | Succumbed to a gnoll's poison

Illustrated notes

Levels and vault maps discovered:
D:1:      evilmike_arrival_plus, layout_loops_ring,
          ebering_ecumenical_altar_mist
D:2:      layout_basic, basic_altar, minmay_bisected
D:3:      layout_basic, kennysheep_doodads, kennysheep_nub,
          lexackson_kobold_supper, uniq_natasha

Skill      XL: |  1  2  3  4  5 |
---------------+----------------+-----
Transmutations | 1 |  1.0
Staves         | 2 3 |  3.1
Fighting       | 2 |  2.3
Invocations    | 1 2 |  2.1
Conjurations   | 1 |  1.2
Air Magic      | 1 |  1.1
Throwing       | |  1.0
Dodging        | |  1.2
Stealth        | |  2.4
Spellcasting   | |  1.5
Earth Magic    | |  1.1
Poison Magic   | |  1.8

Action                   |  1- 3 |  4- 6 || total
-------------------------+-------+-------++-------
Melee: Quarterstaff      |    77 |    38 ||   115
Throw: Dart              |       |     4 ||     4
 Cast: Sting             |    39 |    24 ||    63
Invok: Heroism           |     1 |     3 ||     4
  Use: Potion            |       |     2 ||     2
 Stab: Sleeping          |     2 |       ||     2
Armor: Robe              |    21 |    14 ||    35
       Skin              |       |     4 ||     4
Dodge: Dodged            |    54 |    35 ||    89
